Map: Catallena LE (Void)

Players

Juxtapose

  • Race: Terran Terran
  • League: Silver
  • Spawn Location: 9:00

Jackjack - Winner!

  • Race: Zerg Zerg
  • League: Platinum
  • Spawn Location: 12:00

VOD

https://youtu.be/nJAnUA9HBGo

Description

So of course after defeating a Silver League opponent, the system decides I should take on a Platinum League opponent next. I had to laugh, and I was completely outmatched.

This is also my first Ranked match ever as Terran, and I likely shouldn't have bothered with Widow Mines, going straight to Siege Tanks and I should have got Ravens as well. A few Vikings to Overlord hunt wouldn't have hurt either.

Time

  • Played on: July 27, 2017, 8:31 p.m.
  • Length: 17:10
Show
View Real Time Build Order
Export as new Build Order

Juxtapose Terran 

Build Orders: MMM Bio 

Get SALT Encoding   

  12  0:01  SCV  
  13  0:13  SCV  
  14  0:24  Supply Depot  
  14  0:25  SCV  
  15  0:45  SCV  
  16  0:53  Barracks  
  16  0:59  SCV  
  17  1:06  Supply Depot  
  17  1:11  SCV  
  18  1:19  Refinery  
  18  1:20  Refinery  
  18  1:23  SCV  
  19  1:37  SCV  
  20  1:52  Orbital Command  
  21  2:01  Reaper  
  21  2:11  Barracks  
  21  2:17  Engineering Bay  
  21  2:22  SCV  
  22  2:34  SCV  
  23  2:48  Barracks Reactor  
  23  2:50  Terran Infantry Weapons Level 1  
  22  2:55  SCV  
  22  2:57  Missile Turret  
  23  3:03  Supply Depot  
  23  3:07  SCV  
  23  3:08  Barracks Tech Lab  
  24  3:17  Factory  
  24  3:19  SCV  
  25  3:29  Supply Depot  
  24  3:42  Marine  
  24  3:43  Marauder  
  24  3:45  Stimpack  
  27  3:55  Supply Depot  
  27  3:58  Command Center  
  27  4:02  Factory Reactor  
  27  4:04  Marine  
  27  4:05  Marauder, Marine  
  32  4:22  Marine  
  32  4:25  Marine  
  33  4:37  Starport  
  33  4:39  Widow Mine x2  
  33  4:40  Marine  
  33  4:43  Marine  
  39  4:58  Marine  
  42  5:00  Marauder  
  42  5:08  Widow Mine x2  
  48  5:21  Marauder  
  48  5:26  Marine x2  
  50  5:46  Orbital Command  
  50  5:51  Terran Infantry Armor Level 1  
  50  5:52  Combat Shields  
  50  5:54  Marine  
  50  5:55  Marauder, Marine  
  54  6:01  Supply Depot  
  54  6:08  Factory Tech Lab  
  54  6:09  Medivac  
  54  6:10  Medivac  
  58  6:12  Marine  
  58  6:16  Marauder  
  61  6:21  Marine, Orbital Command  
  61  6:22  Liberator  
  61  6:24  Supply Depot  
  62  6:30  Marine  
  66  6:58  SCV  
  67  7:03  SCV  
  68  7:10  SCV  
  68  7:11  Concussive Shells  
  68  7:15  SCV  
  70  7:16  Siege Tank  
  70  7:19  Marine x2  
  70  7:21  Marauder  
  70  7:22  SCV  
  78  7:27  SCV  
  79  7:32  Liberator  
  79  7:37  Missile Turret  
  79  7:40  SCV  
  79  7:41  Refinery  
  79  7:42  Refinery  
  80  7:48  Siege Tank  
  86  8:00  Supply Depot  
  86  8:21  SCV  
  86  8:23  Supply Depot  
  87  8:33  SCV  
  88  8:41  SCV  
  88  8:45  SCV  
  88  8:46  Supply Depot  
  90  8:53  SCV  
  82  8:57  Marine x3  
  82  8:58  SCV  
  84  9:06  SCV  
  85  9:15  Marine x3  
  88  9:31  Siege Tank  
  88  9:33  Marine x3  
  89  9:50  Marine  
  89  9:51  Medivac x2  
  94  9:53  Marine x2  
  94  9:59  SCV x2  
  98  10:03  Siege Tank  
  101  10:08  Marine  
  101  10:11  SCV x2, Marine  
  66  10:21  Medivac  
  66  10:23  SCV  
  64  10:38  Armory  
  64  10:44  Marine x2  
  64  10:45  Marine  
  67  10:51  Medivac x2  
  71  10:57  Command Center  
  71  11:03  Marauder  
  73  11:18  Siege Tank  
  74  11:21  Medivac x2, Marine  
  74  11:22  Marine  
  74  11:24  Marauder  
  82  11:39  Marine x2  
  83  11:46  Marauder  
  86  11:50  Siege Tank  
  86  11:51  Medivac x2  
  86  11:52  Barracks  
  93  11:57  Marine x2  
  84  12:03  Liberator  
  84  12:07  Marine  
  85  12:15  Marine x2  
  87  12:22  Thor  
  96  12:24  Marine  
  97  12:33  Marine x2  
  99  12:42  Marine  
  100  12:50  Marine  
  100  12:51  Marine  
  102  13:00  Marine  
  102  13:02  Command Center  
  102  13:04  Thor  
  109  13:08  Marine  
  110  13:20  Orbital Command  
  110  13:23  Terran Infantry Weapons Level 2  
  110  13:26  Terran Vehicle Weapons Level 1  
  110  13:45  Supply Depot  
  110  13:50  Barracks Reactor  
  110  14:06  SCV, Marine x3  
  110  14:08  Supply Depot  
  110  14:19  SCV  
  106  14:24  Marine x2  
  106  14:31  SCV  
  109  14:33  Thor  
  115  14:40  Marine x3  
  115  14:42  Marine x2  
  115  15:25  Marine x3  
  115  15:26  Marine x2  
  108  15:28  Thor  
  94  15:43  Marine x4  
  94  15:44  Marine  
  99  16:01  Marine x4  
  99  16:02  Marine  
  99  16:12  Hellbat  
  94  16:18  Marine x3  
  94  16:19  Marine x2  
  80  16:33  Hellbat  
  80  16:36  Marine x3  
  38  16:48  Command Center  
Show
View Real Time Build Order
Export as new Build Order

Jackjack Zerg - Winner!

Build Orders: Hatch First, Lurkers 

Get SALT Encoding   

  12  0:03  Drone  
  13  0:18  Overlord  
  13  0:20  Drone  
  14  0:24  Extractor  
  14  0:25  Drone  
  14  0:29  Extractor  
  14  0:30  Drone  
  16  0:40  Drone  
  17  0:53  Extractor  
  16  1:00  Hatchery  
  15  1:13  Spawning Pool  
  15  1:16  Drone  
  15  1:19  Drone  
  15  1:25  Drone  
  17  1:29  Drone  
  18  1:38  Drone  
  19  1:48  Drone  
  20  2:02  Baneling Nest  
  20  2:04  Queen  
  20  2:06  Drone  
  22  2:18  Zergling x4  
  22  2:19  Metabolic Boost  
  24  2:24  Queen  
  26  2:47  Drone  
  26  2:48  Drone  
  28  2:57  Overlord  
  28  3:17  Drone  
  28  3:18  Drone x6  
  28  3:19  Drone  
  35  3:38  Drone  
  36  3:45  Pneumatized Carapace  
  36  3:55  Hatchery  
  36  3:57  Lair  
  36  3:59  Extractor  
  36  4:02  Overlord  
  34  4:03  Overlord  
  34  4:04  Overlord  
  34  4:08  Drone x2  
  36  4:31  Drone  
  37  4:32  Zergling x2  
  37  4:33  Zergling x18  
  47  4:58  Drone x2  
  47  4:59  Drone x6  
  55  5:07  Hydralisk Den  
  54  5:14  Evolution Chamber  
  54  5:16  Drone x2  
  54  5:17  Drone x3  
  54  5:18  Evolution Chamber  
  57  5:21  Burrow, Queen  
  57  5:22  Queen  
  57  5:24  Drone x2  
  63  5:32  Overseer  
  63  5:36  Overlord x2  
  63  5:37  Overlord  
  63  5:50  Drone x3  
  66  5:57  Queen x2  
  70  6:06  Muscular Augments  
  70  6:09  Drone x5  
  70  6:10  Drone x3  
  78  6:13  Extractor  
  78  6:17  Extractor  
  76  6:42  Drone x7  
  76  6:43  Drone x4  
  87  7:11  Zergling x2  
  87  7:12  Zergling x4  
  90  7:15  Overlord  
  90  7:16  Overlord x5  
  90  7:23  Hatchery  
  90  7:24  Extractor  
  88  7:42  Queen x2  
  88  7:43  Queen  
  94  7:48  Drone x3  
  94  7:49  Drone x2  
  94  7:50  Overlord  
  94  7:51  Hydralisk x4, Overlord x2  
  99  7:52  Hydralisk x6  
  99  7:57  Baneling  
  99  7:58  Baneling x7  
  119  8:14  Zerg Ground Armor Level 1, Zerg Melee Weapons Level 1  
  119  8:17  Hatchery  
  119  8:18  Infestation Pit  
  119  8:19  Lurker Den  
  105  8:59  Zergling x14  
  105  9:00  Zergling x16  
  117  9:10  Zergling x4  
  117  9:11  Zergling x2  
  118  9:25  Baneling x3  
  118  9:26  Baneling x7  
  118  9:27  Baneling x3, Hydralisk  
  118  9:28  Hydralisk x6  
  130  9:44  Centrifical Hooks  
  123  9:54  Zergling x2  
  123  9:55  Zergling x26  
  123  9:59  Zergling x2  
  138  10:00  Zergling x6  
  112  10:35  Overseer  
  112  10:36  Overseer  
  112  10:39  Hydralisk x8  
  112  10:40  Hydralisk x6, Zergling x2  
  112  10:41  Zergling x18  
  112  10:42  Zergling x4  
  152  10:47  Lurker x2  
  152  10:48  Lurker x4  
  157  11:19  Zergling x14  
  157  11:20  Zergling x2  
  165  11:27  Overlord x5  
  165  12:06  Zergling x2  
  165  12:07  Zergling x18  
  165  12:08  Zergling x10  
  180  12:14  Hive  
  180  12:19  Extractor  
  180  12:22  Extractor  
  178  12:42  Overlord  
  178  12:44  Overlord x2  
  178  12:45  Overlord  
  178  12:46  Overlord  
  178  13:18  Extractor, Zerg Ground Armor Level 2, Zerg Melee Weapons Level 2  
  177  13:25  Viper x4  
  189  13:27  Viper  
  189  13:31  Hydralisk x3, Zergling x2  
  200  13:34  Zergling x2  
  98  15:45  Zergling x20  
  98  15:46  Hydralisk x5, Zergling x30  
  98  15:47  Hydralisk x14  
Tags
 
Add a new tag
Caveats
  • Supply blocks, unpowered buildings, or Contaminate may cause inaccurate times.
  • Supply counts are checked every 10 seconds.